Cogmind - Beta 13 X2 @@@ ROGUE MODE // 2023.12.22 @ 14:50:01 Player: VR-DUX Result: Self-destructed Performance ------------- Evolutions (3) 1500 Regions Visited (10) 2000 Robots Destroyed (93) 465 Value Destroyed (2413) 2413 Prototype IDs (39) 780 Alien Tech Used (0) 0 Bonus (708) 708 TOTAL SCORE: 7866 Bonus ------- High Alert Combat Kills 121 Aligned with FarCom 300 Met Data Miner 300 Friendly Fire -13 Cogmind --------- Core Integrity 530/700 Matter 259/300 Energy 40/100 System Corruption 1% Temperature Cool (0) Movement Core (400) Ox7 Location -6/Proximity Caves Parts ------- > --- POWER (1) -------- (None) > --- PROPULSION (5) --- (None) > --- UTILITY (5) ------ Medium Storage Unit Hacking Suite System Mapper Deep Network Scanner Splice Drone Bay (6/6) > --- WEAPON (2) ------- Great Axe Spear > --- INVENTORY (10) --- Ghost Barrier Quantum Router Army-in-a-Box (30/30) Peak State ------------ > --- POWER ------------ Light Deuterium Engine > --- PROPULSION ------- Flight Unit VTOL Module Improved VTOL Module Xenon Bombardment Thruster Xenon Bombardment Thruster > --- UTILITY ---------- Medium Storage Unit Improved Propulsion Shielding Hacking Suite System Mapper Deep Network Scanner > --- WEAPON ----------- Great Axe Spear > --- INVENTORY -------- Xenon Bombardment Thruster Ghost Barrier Quantum Router Splice Drone Bay Army-in-a-Box [Rating: 60] Favorites ----------- Power Improved Ion Engine Engine Improved Ion Engine Power Core Light Nuclear Core Propulsion Light Treads Treads Light Treads Leg Aluminum Leg Wheel Compact Wheel Flight Unit Xenon Bombardment Thruster Utility Huge Storage Unit Device Structural Scanner Storage Huge Storage Unit Processor Core Analyzer Hackware Hacking Suite Protection Light Armor Plating Weapon Heavy Assault Rifle Energy Gun Medium Laser Energy Cannon Light EM Pulse Cannon Ballistic Gun Heavy Assault Rifle Ballistic Cannon Light Cannon Launcher Rocket Launcher Impact Weapon Power Maul Slashing Weapon Great Axe Piercing Weapon Spear Build | -11 -10 -10 -10 -9 -8 -7 -7 -7 -7 -6 ------- Run | Yrd Mat Min Exi Min Mat Fac Low Low Dat Pro Slots Evolved 6 | . . . . . 4 2 . . . . Power . | . . . . . . . . . . . Propulsion 3 | . . . . . 2 1 . . . . Utility 3 | . . . . . 2 1 . . . . Weapon . | . . . . . . . . . . . Parts Attached 124 | 1 32 8 1 3 57 13 2 . 5 2 Power 12 | . 3 . 1 . 7 1 . . . . Engine 9 | . 3 . 1 . 4 1 . . . . Core 3 | . . . . . 3 . . . . . Reactor . | . . . . . . . . . . . Propulsion 48 | . 15 2 . . 21 7 . . 2 1 Treads 15 | . . 2 . . 13 . . . . . Leg 14 | . 14 . . . . . . . . . Wheel 7 | . 1 . . . 6 . . . . . Hover . | . . . . . . . . . . . Flight 12 | . . . . . 2 7 . . 2 1 Utility 22 | 1 4 3 . . 6 4 . . 3 1 Device 8 | 1 1 2 . . 2 1 . . . 1 Storage 4 | . 3 . . . . 1 . . . . Processor 1 | . . . . . . . . . 1 . Hackware 4 | . . . . . 1 1 . . 2 . Protection 5 | . . 1 . . 3 1 . . . . Artifact . | . . . . . . . . . . . Weapon 42 | . 10 3 . 3 23 1 2 . . . Energy Gun 4 | . 2 1 . . 1 . . . . . Energy Cannon 5 | . 2 . . 1 2 . . . . . Ballistic Gun 21 | . 4 . . 2 15 . . . . . Ballistic Cannon 1 | . . 1 . . . . . . . . Launcher 3 | . . . . . 3 . . . . . Special Weapon . | . . . . . . . . . . . Impact Weapon 6 | . 2 1 . . 2 1 . . . . Slashing Weapon 1 | . . . . . . . 1 . . . Piercing Weapon 1 | . . . . . . . 1 . . . Special Melee Weapon . | . . . . . . . . . . . Unidentified Prototypes 7 | . . 1 . . 3 1 . . 2 . Parts Lost 23 | . 3 1 . . 11 . . . 3 5 Power 3 | . 1 . . . 1 . . . 1 . Propulsion 10 | . . . . . 4 . . . 1 5 Utility 5 | . . 1 . . 3 . . . 1 . Weapon 5 | . 2 . . . 3 . . . . . Highest Loss Streak 8 | . 1 1 . . 3 . . . 3 8 To Critical Strikes . | . . . . . . . . . . . Average Slot Usage (%) 98 | . 99 98 100 100 98 99 100 100 95 72 Engine 10 | . 13 14 14 14 7 7 7 7 6 . Treads 15 | . . 9 14 14 26 . . . . . Leg 4 | . 18 4 . . . . . . . . Wheel 9 | . 9 14 14 14 8 . . . . . Flight 2 | . . . . . . 36 38 38 38 24 Device 10 | . 13 9 . . 12 14 15 15 4 1 Storage 11 | . 14 14 14 14 9 7 7 7 7 7 Hackware 1 | . . . . . 2 6 7 7 11 23 Protection 7 | . . 3 14 14 11 7 7 7 7 . Energy Gun 3 | . 8 3 14 . . . . . . . Energy Cannon 3 | . 5 10 . 8 1 . . . . . Ballistic Gun 12 | . 13 4 . 11 16 7 . . . . Ballistic Cannon 2 | . . 9 14 7 . . . . . . Naked Turns . | . . . . . . . . . . . Heaviest Build 117 | 13 94 101 95 95 117 117 25 25 25 24 Greatest Support 71 | 20 20 16 16 16 71 25 25 25 25 21 Greatest Overweight (x) 11 | . 5 6 5 5 11 7 . . . 1 Average Overweight (x) 3 | . 3 5 5 5 7 . . . . . Largest Inventory Capacity 25 | 8 25 25 25 25 25 25 10 10 10 10 Average Capacity 23 | 8 21 25 25 25 25 11 10 10 10 10 Most Carried 25 | 6 25 25 25 25 25 25 10 10 10 10 Average Carried 21 | 5 16 24 24 24 24 10 9 10 9 8 Final Capacity 25 | 8 25 25 25 25 25 10 10 10 10 10 Final Carried 25 | 5 25 25 25 25 25 10 10 10 10 8 Class Distribution -------------------- 52% | Mutant 41% | Scavenger-Mutant 5% | Sprinter Dominant Class ---------------- Mutant | -10/Materials Mutant | -10/Mines Mutant | -10/Exiles Mutant | -9/Mines Scavenger-Mutant | -8/Materials Sprinter | -7/Factory Sprinter | -7/Lower Caves Sprinter | -7/Lower Caves Sprinter | -7/Data Miner Hacker-Sprinter | -6/Proximity Caves Resources | -11 -10 -10 -10 -9 -8 -7 -7 -7 -7 -6 ----------- Run | Yrd Mat Min Exi Min Mat Fac Low Low Dat Pro Matter Collected 2924 | 231 614 106 . 131 1558 11 230 43 . . Remotely . | . . . . . . . . . . . Salvage Created 3404 | 121 968 25 . 157 1918 11 121 53 30 . Parts 207 | 4 63 . . 6 123 . 4 2 5 . Haulers Intercepted 7 | . 2 . . . 5 . . . . . Recyclers Shooed 2 | . 1 1 . . . . . . . . Parts Field Recycled . | . . . . . . . . . . . Retrieved Matter . | . . . . . . . . . . . Parts Self-Destructed . | . . . . . . . . . . . Prevented . | . . . . . . . . . . . Kills | -11 -10 -10 -10 -9 -8 -7 -7 -7 -7 -6 ------- Run | Yrd Mat Min Exi Min Mat Fac Low Low Dat Pro Combat Hostiles Destroyed 61 | . 15 5 . 4 36 . 1 . . . Melee 2 | . . 2 . . . . . . . . Guns 35 | . 13 . . 1 21 . . . . . Cannons 11 | . 2 3 . 3 3 . . . . . AOE 12 | . . . . . 12 . . . . . Classes Destroyed 15 | 2 7 1 . . 3 . 2 . . . Worker 5 | . 1 . . . 4 . . . . . Builder 7 | . 3 . . . 4 . . . . . Tunneler 3 | 1 . . . . 2 . . . . . Hauler 7 | . 2 . . . 5 . . . . . Recycler 4 | 1 2 . . . 1 . . . . . Operator 5 | . 3 . . . 1 1 . . . . Watcher 5 | . 3 . . . 2 . . . . . Swarmer 10 | . 3 . . . 7 . . . . . Grunt 33 | . 12 . . 4 17 . . . . . Brawler 2 | . . . . . 2 . . . . . Sentry 8 | . . . . . 8 . . . . . Hunter 2 | . . . . . 2 . . . . . Programmer 1 | . . . . . . . 1 . . . Decomposer 2 | . . . . . . . . 2 . . Samaritan 2 | . . . . . . . 2 . . . Assembled 5 | . . 5 . . . . . . . . Best Kill Streak 8 | 2 6 3 . 3 8 1 1 . 1 . Combat Bots Only 7 | . 4 3 . 3 7 . 1 . . . Max Kills in Single Turn 3 | 1 2 1 . 1 3 1 1 1 1 . Gunslinging . | . . . . . . . . . . . Exploded 3 | . . . . . 3 . . . . . Melee 1 | . . 1 . . . . . . . . Uniques/NPCs Destroyed 1 | . . . . . . . . . 1 . Data Miner (-7/Data Miner) Combat | -11 -10 -10 -10 -9 -8 -7 -7 -7 -7 -6 -------- Run | Yrd Mat Min Exi Min Mat Fac Low Low Dat Pro Hostile Shots Fired 381 | . 91 23 . 16 196 . 9 9 8 29 Missed 100 | . 15 2 . 8 46 . 4 6 4 15 Damage Taken 3865 | . 777 265 . 100 2129 . 75 23 271 225 Core 690 | . 138 47 . 43 292 . . 6 111 53 Absorbed by Shields . | . . . . . . . . . . . Redirected to Shielding 103 | . . . . . . . 18 . 85 . Ignored by Resistances 167 | . . . . . 167 . . . . . Regen/Repaired (Parts) 158 | . . . . . 158 . . . . . Core Remaining (%) 51 | 100 . . . 8 46 . . . . . Volleys Fired 344 | 8 108 16 . 9 203 . . . . . Largest 2 | 2 2 2 . 2 2 . . . . . Hottest 96 | 70 85 91 . 75 96 . . . . . Shots Fired 641 | 16 192 26 . 18 389 . . . . . Gun 567 | 16 181 2 . 9 359 . . . . . Cannon 65 | . 11 24 . 9 21 . . . . . Launcher 9 | . . . . . 9 . . . . . Special . | . . . . . . . . . . . Kinetic 501 | 8 102 16 . 17 358 . . . . . Thermal 87 | 8 79 . . . . . . . . . Explosive 9 | . . . . . 9 . . . . . Electromagnetic 44 | . 11 10 . 1 22 . . . . . Robot Hit Streak 17 | 2 15 8 . 8 17 . . . . . Robot Miss Streak 7 | 2 5 2 . 2 7 . . . . . Penetration Max . | . . . . . . . . . . . Secondary Targets 5 | . 2 . . . 3 . . . . . Max Gunslinging Chain 1 | . 1 . . . 1 . . . . . Shots Hit Robots 416 | 8 124 13 . 13 249 1 5 2 1 . Core Hits 175 | 3 47 4 . 6 112 . 1 1 1 . Critical Kills 2 | . . . . . 2 . . . . . Critical Parts Destroyed 3 | . . . . . 1 1 1 . . . Critical Strikes 13 | . 6 1 . . 3 1 1 . 1 . Burn 6 | . 6 . . . . . . . . . Destroy 3 | . . . . . 3 . . . . . Blast 1 | . . 1 . . . . . . . . Smash 2 | . . . . . . 1 1 . . . Impale 1 | . . . . . . . . . 1 . Melee Attacks 45 | . 3 3 . . 2 18 6 3 10 . Impact 30 | . 3 3 . . 2 18 4 . . . Slashing 9 | . . . . . . . 1 3 5 . Piercing 6 | . . . . . . . 1 . 5 . Sneak Attacks 6 | . . . . . . . 3 2 1 . Combat Hostiles 1 | . . . . . . . 1 . . . Follow-up Attacks . | . . . . . . . . . . . Damage Inflicted 8189 | 99 1766 250 . 228 5146 38 426 156 80 . Guns 5275 | 99 1547 26 . 98 3505 . . . . . Cannons 847 | . 219 161 . 130 337 . . . . . Explosions 1304 | . . . . . 1304 . . . . . Melee 763 | . . 63 . . . 38 426 156 80 . Ramming . | . . . . . . . . . . . Kinetic 4767 | 61 874 127 . 213 3492 . . . . . Thermal 950 | 38 673 . . . 239 . . . . . Explosive 1065 | . . . . . 1065 . . . . . Electromagnetic 644 | . 219 60 . 15 350 . . . . . Impact 462 | . . 63 . . . 38 361 . . . Slashing 221 | . . . . . . . 65 156 . . Piercing 80 | . . . . . . . . . 80 . Highest Corruption 6 | . . . . . 6 . 1 1 1 1 Average Corruption 1 | . . . . . 1 . 1 1 1 1 Corruption Purged . | . . . . . . . . . . . Corruption Blocked . | . . . . . . . . . . . Effects 6 | . . . . . 3 . 2 1 . . Message Errors 1 | . . . . . 1 . . . . . Matter Fused 1 | . . . . . 1 . . . . . Heat Flow Errors 1 | . . . . . . . 1 . . . Energy Discharges 2 | . . . . . . . 1 1 . . Data Loss (minor) 1 | . . . . . 1 . . . . . Overload Shots . | . . . . . . . . . . . Overflow Damage 520 | . 21 47 . . 47 38 303 64 . . Projectiles 44 | . 21 . . . 23 . . . . . Explosions 24 | . . . . . 24 . . . . . Melee 452 | . . 47 . . . 38 303 64 . . Knockbacks 6 | . . 1 . 2 . . 3 . . . Impact 3 | . . . . . . . 3 . . . Kinetic 3 | . . 1 . 2 . . . . . . Secondary . | . . . . . . . . . . . Self-Inflicted Damage . | . . . . . . . . . . . Shots . | . . . . . . . . . . . Rammed . | . . . . . . . . . . . Targets Rammed . | . . . . . . . . . . . Kicked . | . . . . . . . . . . . Crushed . | . . . . . . . . . . . Highest Temperature 410 | 45 231 410 . 78 169 . 265 5 . . Average Temperature 69 | 19 45 199 . 31 29 . 170 3 . . Received Heat Transfer 1712 | . 327 320 . 75 945 . 9 6 12 18 Effects 3 | . . 2 . . . . 1 . . . Shutdowns 1 | . . 1 . . . . . . . . Energy Bleed 1 | . . . . . . . 1 . . . Short Circuit 1 | . . 1 . . . . . . . . Siege Activations . | . . . . . . . . . . . Robots Corrupted . | . . . . . . . . . . . Combat Hostiles . | . . . . . . . . . . . Parts Fried 9 | . 2 . . . 3 . 4 . . . Impact Corruptions 14 | . . 2 . . . 1 11 . . . Robots Melted . | . . . . . . . . . . . Combat Hostiles . | . . . . . . . . . . . Parts Melted 8 | 1 7 . . . . . . . . . Heat Transferred 2629 | 111 2368 . . . 150 . . . . . Parts Sabotaged . | . . . . . . . . . . . Parts Stolen . | . . . . . . . . . . . Parts Stripped . | . . . . . . . . . . . Power Chain Reactions 1 | . . . . . 1 . . . . . Missiles Intercepted . | . . . . . . . . . . . Alert | -11 -10 -10 -10 -9 -8 -7 -7 -7 -7 -6 ------- Run | Yrd Mat Min Exi Min Mat Fac Low Low Dat Pro Peak Influence 543 | 10 203 43 . 90 543 355 . . . . Initial 243 | . 6 43 . . . 243 . . . . Average 235 | 6 107 22 . 30 385 303 . . . . Maximum Alert Level 2 | . 1 . . . 2 1 . . . . Low Security (%) 47 | 100 96 100 . 100 2 . . . . . Level 1 36 | . 3 . . . 65 100 . . . . Level 2 16 | . . . . . 32 . . . . . Level 3 . | . . . . . . . . . . . Level 4 . | . . . . . . . . . . . Level 5 . | . . . . . . . . . . . High Security . | . . . . . . . . . . . Max Security . | . . . . . . . . . . . Squads Dispatched 14 | . 5 . . 1 7 1 . . . . Investigation 6 | . 2 . . 1 3 . . . . . Extermination 1 | . . . . . . 1 . . . . Reinforcement 6 | . 3 . . . 3 . . . . . Assault 1 | . . . . . 1 . . . . . Garrison . | . . . . . . . . . . . Intercept . | . . . . . . . . . . . Searches Triggered . | . . . . . . . . . . . Construction Impeded 1 | . . . . . 1 . . . . . Haulers Reinforced . | . . . . . . . . . . . Active Scanning Responses . | . . . . . . . . . . . Cargo Convoy Interrupts . | . . . . . . . . . . . Stealth | -11 -10 -10 -10 -9 -8 -7 -7 -7 -7 -6 --------- Run | Yrd Mat Min Exi Min Mat Fac Low Low Dat Pro Distress Signals 6 | . 3 . . . 3 . . . . . Communications Jammed . | . . . . . . . . . . . Distress Signals . | . . . . . . . . . . . Times Spotted 126 | . 32 5 . 4 54 2 9 7 4 9 Peak Tracking Total 9 | . 4 4 . 3 8 2 5 8 4 9 Tactical Retreats 14 | . 1 . . . 8 . 2 2 . 1 Traps | -11 -10 -10 -10 -9 -8 -7 -7 -7 -7 -6 ------- Run | Yrd Mat Min Exi Min Mat Fac Low Low Dat Pro Traps Triggered 4 | . 4 . . . . . . . . . Indirectly . | . . . . . . . . . . . Trap Hack Attempts . | . . . . . . . . . . . Triggered . | . . . . . . . . . . . Disarmed . | . . . . . . . . . . . Reprogrammed . | . . . . . . . . . . . Reused . | . . . . . . . . . . . Traps Extracted . | . . . . . . . . . . . Installed . | . . . . . . . . . . . Triggered . | . . . . . . . . . . . Machines | -11 -10 -10 -10 -9 -8 -7 -7 -7 -7 -6 ---------- Run | Yrd Mat Min Exi Min Mat Fac Low Low Dat Pro Machines Disabled 4 | . 2 . . . 2 . . . . . Max in Single Turn 1 | . 1 . . . 1 . . . . . Machines Repaired . | . . . . . . . . . . . Machines Dismantled . | . . . . . . . . . . . Machines Sabotaged . | . . . . . . . . . . . Overloaded Fab Kills . | . . . . . . . . . . . Hacking | -11 -10 -10 -10 -9 -8 -7 -7 -7 -7 -6 --------- Run | Yrd Mat Min Exi Min Mat Fac Low Low Dat Pro Machines Accessed 34 | . 7 1 2 2 10 7 1 . 4 . Terminals 17 | . 5 . . . 7 5 . . . . Fabricators . | . . . . . . . . . . . Repair Stations 2 | . . . . . 2 . . . . . Recycling Units 4 | . 2 . . . 1 1 . . . . Scanalyzers . | . . . . . . . . . . . Garrison Access 1 | . . . . . . 1 . . . . Total Hacks 96 | . 14 1 2 2 32 14 1 . 30 . Successful 69 | . 6 1 2 2 19 8 1 . 30 . Failed 26 | . 8 . . . 12 6 . . . . Catastrophic 4 | . 2 . . . 1 1 . . . . Database Lockouts 1 | . . . . . 1 . . . . . Manual 46 | . 8 . 1 . 26 11 . . . . Terminals 41 | . 12 . . . 19 10 . . . . Fabricators . | . . . . . . . . . . . Repair Stations 11 | . . . . . 11 . . . . . Recycling Units 6 | . 2 . . . 2 2 . . . . Scanalyzers . | . . . . . . . . . . . Garrison Access 2 | . . . . . . 2 . . . . Terminal Hacks 54 | . 4 1 2 2 11 3 1 . 30 . Record 13 | . . . 1 . 1 . . . 11 . Part Schematic 11 | . . . . . . 1 . . 10 . Robot Schematic 6 | . . . . . . . . . 6 . Robot Analysis 4 | . 1 . . . 3 . . . . . Prototype ID Bank 3 | . . . . . . . . . 3 . Open Door 4 | . . 1 . 2 . . 1 . . . Branch Access Points 2 | . . . . . 1 1 . . . . Terminal Index 1 | . . . . . . 1 . . . . Locate Traps 5 | . 2 . . . 3 . . . . . Transport Status 2 | . . . . . 2 . . . . . Hauler Manifests 2 | . 1 . . . 1 . . . . . Derelict Proto ID Bank 1 | . . . 1 . . . . . . . Fabricator Hacks . | . . . . . . . . . . . Repair Station Hacks 6 | . . . . . 6 . . . . . Scan Component 4 | . . . . . 4 . . . . . Repair 2 | . . . . . 2 . . . . . Recycling Unit Hacks 4 | . 2 . . . 1 1 . . . . Retrieve Components 4 | . 2 . . . 1 1 . . . . Scanalyzer . | . . . . . . . . . . . Garrison Access Hacks . | . . . . . . . . . . . Unauthorized Hacks 5 | . . . . . 1 4 . . . . Terminals 4 | . . . . . 1 3 . . . . Assimilate 2 | . . . . . . 2 . . . . Botnet 2 | . . . . . 1 1 . . . . Fabricators . | . . . . . . . . . . . Repair Stations . | . . . . . . . . . . . Recycling Units 1 | . . . . . . 1 . . . . Mask 1 | . . . . . . 1 . . . . Scanalyzers . | . . . . . . . . . . . Garrison Access . | . . . . . . . . . . . Data Cores Recovered 1 | . . . . . . 1 . . . . Used . | . . . . . . . . . . . Hacking Detections 18 | . 5 . . . 8 5 . . . . Full Trace Events 4 | . 1 . . . 3 . . . . . Feedback Events 1 | . . . . . 1 . . . . . Corruption 1 | . . . . . 1 . . . . . Feedback Blocked . | . . . . . . . . . . . Robot Schematics Acquired 6 | . . . . . . . . . 6 . Robots Built . | . . . . . . . . . . . Authchips . | . . . . . . . . . . . Time . | . . . . . . . . . . . Total Robot Build Rating . | . . . . . . . . . . . Part Schematics Acquired 11 | . . . . . . 1 . . 10 . Parts Built . | . . . . . . . . . . . Authchips . | . . . . . . . . . . . Time . | . . . . . . . . . . . Total Part Build Rating . | . . . . . . . . . . . Parts Repaired 2 | . . . . . 2 . . . . . Time 70 | . . . . . 70 . . . . . Parts Recycled . | . . . . . . . . . . . Recycled Matter . | . . . . . . . . . . . Retrieved Matter . | . . . . . . . . . . . Retrieved Components 29 | . 19 . . . 10 . . . . . Parts Scanalyzed . | . . . . . . . . . . . Part Schematics Acquired . | . . . . . . . . . . . Parts Damaged . | . . . . . . . . . . . Bothacking | -11 -10 -10 -10 -9 -8 -7 -7 -7 -7 -6 ------------ Run | Yrd Mat Min Exi Min Mat Fac Low Low Dat Pro Used RIF Installer . | . . . . . . . . . . . Robots Hacked . | . . . . . . . . . . . Non-combat . | . . . . . . . . . . . Combat . | . . . . . . . . . . . Robot Hacks Applied . | . . . . . . . . . . . Relay Couplers Released . | . . . . . . . . . . . Fabnet Peak Effective % . | . . . . . . . . . . . Robots Rewired . | . . . . . . . . . . . Allies Hacked . | . . . . . . . . . . . Hacks Repelled . | . . . . . . . . . . . Allies | -11 -10 -10 -10 -9 -8 -7 -7 -7 -7 -6 -------- Run | Yrd Mat Min Exi Min Mat Fac Low Low Dat Pro Total Allies 1 | . . . . . . 1 . . . . Largest Group 1 | . . . . . . 1 . . . . Highest-Rated Group 26 | . . . . . . 26 . . . . Highest-Rated Ally 26 | . . . . . . 26 . . . . Total Orders 2 | . . 2 . . . . . . . . RETURN 2 | . . 2 . . . . . . . . Ally Attacks 1 | . . . . . . . . . . 1 Total Damage 4 | . . . . . . . . . . 4 Kills . | . . . . . . . . . . . Allies Corrupted . | . . . . . . . . . . . Allies Melted . | . . . . . . . . . . . Intel | -11 -10 -10 -10 -9 -8 -7 -7 -7 -7 -6 ------- Run | Yrd Mat Min Exi Min Mat Fac Low Low Dat Pro Robot Analysis Total 4 | . 1 . . . 3 . . . . . Derelict Logs Recovered 5 | . . 1 . . . . . 2 . 2 Drone Launches 3 | . . 2 . . . . . . . 1 Drone Recoveries 3 | . . 2 . . . . . . . 1 Exploration | -11 -10 -10 -10 -9 -8 -7 -7 -7 -7 -6 ------------- Run | Yrd Mat Min Exi Min Mat Fac Low Low Dat Pro Turns Passed 8262 | 52 1957 779 611 652 3651 256 106 91 69 38 Spaces Moved 4555 | 22 861 262 347 324 1295 620 333 301 118 72 Core . | . . . . . . . . . . . Treads 2 | . . . . . 2 . . . . . Legs 288 | 22 266 . . . . . . . . . Wheels 2824 | . 595 262 347 324 1293 3 . . . . Hover . | . . . . . . . . . . . Flight 1441 | . . . . . . 617 333 301 118 72 Fastest Speed 26 | 120 120 175 175 175 175 26 26 26 26 28 Average Speed 138 | 120 178 175 175 175 209 26 26 26 26 29 Slowest Speed 320 | 120 190 190 175 175 320 205 26 26 28 112 Overloaded Moves . | . . . . . . . . . . . Propulsion Burnouts . | . . . . . . . . . . . Robots Hopped 3 | . . . . . . 2 . . 1 . Cave-ins Triggered . | . . . . . . . . . . . Exploration Rate (%) 53 | 3 98 56 70 71 80 22 51 46 77 16 Regions Visited 10 Branch Regions 7 Pre-discovered Areas 2 | . . . 1 . . . . . 1 . Known Exits Taken 1 | . . . . . . 1 . . . . Unknown Exits Taken 9 | 1 1 1 1 1 1 . 1 1 1 . Scrap Searched 12 | . . 1 . 2 . . 8 1 . . Spaces Dug 27 | . 3 . . . 2 17 . 1 4 . Terrain Destroyed 69 | . 3 . . . 44 17 . 1 4 . Melee 27 | . 3 . . . 2 17 . 1 4 . Projectile . | . . . . . . . . . . . AOE 42 | . . . . . 42 . . . . . Terrain Rammed . | . . . . . . . . . . . Walls Destroyed . | . . . . . . . . . . . Machines Disabled . | . . . . . . . . . . . Actions | -11 -10 -10 -10 -9 -8 -7 -7 -7 -7 -6 --------- Run | Yrd Mat Min Exi Min Mat Fac Low Low Dat Pro Total 5798 | 31 1077 551 354 395 1838 677 342 307 138 88 Wait 580 | . 36 253 . 43 226 4 . 4 . 14 Move 4539 | 21 860 261 346 323 1294 615 332 300 115 72 Hop 3 | . . . . . . 2 . . 1 . Pick Up 72 | . 25 5 1 8 24 5 1 . 3 . Fast Attach 42 | 1 11 1 . 1 23 2 1 . 2 . Attach 39 | . 8 3 1 1 13 9 1 . 1 2 Detach 2 | . . . . . 2 . . . . . Swap 43 | . 13 4 . 1 21 2 . . 2 . Drop 91 | 1 13 5 6 9 30 20 2 . 5 . Fire 344 | 8 108 16 . 9 203 . . . . . Melee 43 | . 3 3 . . 2 18 5 3 9 . Ram . | . . . . . . . . . . . Kick . | . . . . . . . . . . . Crush . | . . . . . . . . . . . Escape Stasis . | . . . . . . . . . . . Rewire . | . . . . . . . . . . . Trap . | . . . . . . . . . . . Miscellaneous . | . . . . . . . . . . . Route ------- -11/Scrapyard -10/Materials (discovered 4 exits: [*Mat x3] / *Min) -10/Mines (discovered 2 exits: [*Mat] / *Exi) -10/Exiles -9/Mines (discovered 2 exits: *Mat x2) -8/Materials (discovered 2 exits: *Fac x2) -7/Factory (discovered 5 exits: [*Fac x2] / Sto / *Low x2) -7/Lower Caves -7/Lower Caves (discovered 2 exits: [Fac] / *Dat) -7/Data Miner -6/Proximity Caves History --------- Turn | Location | Event 16 | -11/Scrapyard | Discovered new exit (range 3) 53 | -11/Scrapyard | Entered Materials 311 | -10/Materials | Build established: Mutant 494 | -10/Materials | Discovered new exit (range 7) 846 | -10/Materials | Discovered new exit (range 11) 992 | -10/Materials | Core integrity fell below 50% 1638 | -10/Materials | Discovered new exit (range 10) 1830 | -10/Materials | Discovered new exit (range 13) 2010 | -10/Materials | Entered Mines 2076 | -10/Mines | Found the Drone Emporium 2100 | -10/Mines | Found Prototype Device 2100 | -10/Mines | Identified Splice Drone Bay 2228 | -10/Mines | Discovered new exit (range 11) 2264 | -10/Mines | Assembled infested the area 2269 | -10/Mines | Assisted by a Guerilla fighting off Assembled 2664 | -10/Mines | Learned 2 Materials zone layouts 2782 | -10/Mines | Deemed a non-threat by the Exiles lab entrance 2782 | -10/Mines | Discovered new exit (range 5) 2789 | -10/Mines | Entered Exiles 2833 | -10/Exiles | Met 8R-AWN 2859 | -10/Exiles | Met EX-HEX 2919 | -10/Exiles | Met EX-BIN 2938 | -10/Exiles | Aligned with FarCom system 2940 | -10/Exiles | Given EX-Vault access code 2980 | -10/Exiles | Opened EX-Vault 2996 | -10/Exiles | Found Army-in-a-Box 3032 | -10/Exiles | Warned to stay clear of 0b10 Research branches 3094 | -10/Exiles | Learned location of Zion (-6) 3174 | -10/Exiles | Met EX-DEC 3377 | -10/Exiles | Discovered new exit (range 14) 3400 | -10/Exiles | Left Exiles lab with Army-in-a-Box 3400 | -10/Exiles | Entered Mines 3461 | -9/Mines | Met a Derelict bent on vengeance 3540 | -9/Mines | Met a Derelict shopkeep closing up shop 3553 | -9/Mines | Core integrity fell below 20% 3721 | -9/Mines | A weapon hastily lodged in a ceiling crevice suddenly fell to the ground 3965 | -9/Mines | Discovered new exit (range 11) 3976 | -9/Mines | Met a Derelict who couldn't figure out how to use a Trap Extractor 4038 | -9/Mines | Discovered new exit (range 7) 4052 | -9/Mines | Entered Materials 4052 | -8/Materials | Evolved 4 slots: Propulsion x2, Utility x2 4161 | -8/Materials | Destroyed 7 combat bots 4300 | -8/Materials | Discovered new exit (range 16) 4348 | -8/Materials | Central database locked down 4605 | -8/Materials | Build established: Scavenger-Mutant 5143 | -8/Materials | Repaired Xenon Bombardment Thruster 5655 | -8/Materials | Lost 3 parts (2n1w) 5952 | -8/Materials | Core integrity fell below 50% 5999 | -8/Materials | Repaired Lgt. Treads 6097 | -8/Materials | Discovered new exit (range 3) 7652 | -8/Materials | First assault squad dispatched 7703 | -8/Materials | Entered Factory 7703 | -7/Factory | Evolved 2 slots: Propulsion x1, Utility x1 7750 | -7/Factory | Identified exit to Storage 7750 | -7/Factory | Identified exit to Lower Caves 7751 | -7/Factory | Discovered new exit (range 10) 7870 | -7/Factory | Discovered new exit (range 11) 7959 | -7/Factory | Entered Lower Caves 8024 | -7/Lower Caves | Build established: Sprinter 8065 | -7/Lower Caves | Discovered new exit (range 4) 8065 | -7/Lower Caves | Entered another Lower Caves area 8072 | -7/Lower Caves | Spotted B-75 Beast 8074 | -7/Lower Caves | Discovered new exit (range 11) 8092 | -7/Lower Caves | Learned Factory emergency access door positions 8105 | -7/Lower Caves | Attracted the attention of an 0b10 checkpoint 8153 | -7/Lower Caves | Discovered new exit (range 7) 8155 | -7/Lower Caves | Learned Factory stockpile data 8156 | -7/Lower Caves | Entered Data Miner 8156 | -7/Data Miner | Discovered new exit (range 6) 8183 | -7/Data Miner | Met Data Miner 8189 | -7/Data Miner | Learned location of Section 7 (-2) 8189 | -7/Data Miner | Acquired the access code to Warlord's prototype stash 8192 | -7/Data Miner | Received God Mode back door access code from Data Miner 8197 | -7/Data Miner | Destroyed Data Miner 8201 | -7/Data Miner | Found Prototype Hackware 8201 | -7/Data Miner | Identified Deep Network Scanner 8202 | -7/Data Miner | Found Prototype Hackware 8202 | -7/Data Miner | Identified System Mapper 8204 | -7/Data Miner | Found Prototype Hackware 8205 | -7/Data Miner | Found Prototype Hackware 8207 | -7/Data Miner | Data Conduit disabled 8225 | -7/Data Miner | Entered Proximity Caves 8245 | -6/Proximity Caves | Learned location of 1 exit from Lower Caves 8247 | -6/Proximity Caves | Spotted B-75 Beast 8263 | -6/Proximity Caves | Self-destructed Last Messages --------------- 08220_ Chain reaction triggered in Antimatter Reactor. 08220_ Xenon Bombardment Thruster destroyed. 08220_ Imp. Propulsion Shielding destroyed. LOCATION=UNKNOWN GOAL=ESCAPE 08226_ Flight Unit destroyed. 08245_ Acquired derelict log, extracted data. Data stored: Lower Caves exits (x1). 08248_ Acquired derelict log, extracted data. Data stored: Extension entrances (x1). 08253_ Imp. VTOL Module destroyed. 08256_ Xenon Bombardment Thruster destroyed. 08257_ Splice Drone released from Splice Drone Bay. 08257_ Splice Drone sneak attacks. 08257_ Splice Drone injecting S-27 Virus... Amplifying resonance, compromised power stability. 08257_ Splice Drone retrieved by Splice Drone Bay. 08258_ VTOL Module destroyed. 08262_ Slug penetrates Wall. 08262_ Xenon Bombardment Thruster destroyed. Map ----- +----------------------------------------------------+ | ?????????????????????????????????????????????????? | | ????????#????????????????????????????????????????? | | ???????? ????????????????????????????????????????? | | ???????# #???????????????????????????????????????? | | ???????# #???????????????????????????????????????? | | ???????# #???????????????????????????????????????? | | ???????# #???????????????????????????????????????? | | ???????# #????????#??????????????????????????????? | | ???????# #??????? #???????####???????????????????? | | ######## #?????? #??????? ????????????????????? | | # ####### #??????? ????????????????????? | | # #??????? #????????????????????? | | #### ### ####??????? ##???? ????????????? | | #??# #?### #??###????? ##?? ????????????? | | ####?? #???# #?## ##???? ## ???????????? | | ?????# #???# #?# ##?## ???????????? | | ?????# ???# #?# ### ??????????? | | ?????? ???# #?# ????????????? | | ##??? #???# ### #??? ?????????????? | | #??? ###??## ## ##??? ?????????????? | | ##??? ?????# ## s##?### ??????????????? | | #???? ?????## ### #?? ???????????????? | | #??? #??????###### #?##s #?? ???????????????? | | ????#????????????# #??# #?? ????????????????? | | ????????????????? #?# #??# #????????????????? | | ????????????????? ##?# @#??# #????????????????? | | ???????????????? #??# #### #????????????????? | | ???????????????? #?## "# #????????????????? | | ??????????????? ?# ####?????????????? | | ??????????????? ?# #?????????????? | | ?????????????? ## #?????????????? | | ?????????????? ###?????????????? | | ????????????? "##### #####???????????????? | | #????????# #????#####???????????????????? | | #???????? ?????????????????????????????? | | #????????? ??????????????????????????????? | | #####????????? ???????????????????????????????? | | ???????????????##????????????????????????????????? | | ?????????????????????????????????????????????????? | | ?????????????????????????????????????????????????? | | ?????????????????????????????????????????????????? | | ?????????????????????????????????????????????????? | | ?????????????????????????????????????????????????? | | ?????????????????????????????????????????????????? | | ?????????????????????????????????????????????????? | | ?????????????????????????????????????????????????? | | ?????????????????????????????????????????????????? | | ?????????????????????????????????????????????????? | | ?????????????????????????????????????????????????? | | ?????????????????????????????????????????????????? | +----------------------------------------------------+ Best States ------------- Heat Dissipation 48 Energy Generation 14 Energy Capacity 265 Matter Stores 300 Matter Capacity 300 Sight Range 16 Terrain Scan Density 10 Armor Coverage 375 Resistance: KI 30 Propulsion Shielding 66 Evasion (%) 64 Core Analysis 6 Recoil Reduction 3 Offensive Hacking 55 Item Schematics ----------------- Lrg. Storage Unit | -7/Factory | Hacked Combat Drone Bay | -7/Data Miner | Free Lgt. Regenerative Plating | -7/Data Miner | Free Gravity Neutralizer | -7/Data Miner | Free Com. Ion Cannon | -7/Data Miner | Free Imp. Kinecellerator | -7/Data Miner | Free Adv. Cryofiber Web | -7/Data Miner | Free Cld. Aerolev Unit | -7/Data Miner | Free Linear Gravjet | -7/Data Miner | Free Tesla Rifle | -7/Data Miner | Free Adv. Drone Bay | -7/Data Miner | Free Robot Schematics ------------------ B-48 Gladiator | -7/Data Miner | Free W-25 Informer | -7/Data Miner | Free X-72 Disruptor | -7/Data Miner | Free S-27 Virus | -7/Data Miner | Free R-10 Processor | -7/Data Miner | Free G-47 Trooper | -7/Data Miner | Free Fabricated ------------ Nothing Alien Tech Used ----------------- None Achievements -------------- None Challenges ------------ None Game ------ Seed RemoteDroneTriangulator Manual? 0 Play Time 01:41:51 Cumulative 243.5 hours Start 2023.12.22 @ 13:05:31 End 2023.12.22 @ 14:50:01 Sessions 3 Manual Loads 0 Difficulty Rogue Special Mode None Game No. 134 Rogue 134 Adventurer 0 Explorer 0 Win Type - Total 6 Types 3/1/2/0/0/0/0/0/0 Lore% 56 Gallery% 60 Achievement% 55 Wizard Run 0 Options --------- ASCII 0 Keyboard 0 Movement Mouse Keybinds 0 Fullscreen 2 Font 18/SmallcapsGlow Map View 76x50 Zoom Use 47% Tactical HUD 1 Map Filters NONE Filters NONE Steam 1 RUN: b512bab9-9ca1-4b2b-9de6-bfcb07e3492c